Map: Orbital Shipyard

Players

Wellmet - Winner!

  • Race: Terran Terran
  • League: Diamond

HOTBIGTIT

  • Race: Zerg Zerg
  • League: Diamond

VOD

Have the link to the VOD?

Description

Time

  • Played on: Nov. 12, 2015, 10:45 p.m.
  • Length: 7:11
Show
View Real Time Build Order
Export as new Build Order

Wellmet Terran - Winner!

Build Orders: Reaper Expand 

Get SALT Encoding   

  12  0:01  SCV  
  13  0:13  SCV  
  14  0:18  Supply Depot  
  14  0:25  SCV  
  15  0:39  SCV  
  15  0:41  Barracks  
  16  0:46  Refinery  
  16  0:51  SCV  
  17  1:03  SCV  
  18  1:16  SCV  
  19  1:28  Orbital Command  
  19  1:31  Reaper  
  20  1:41  Command Center  
  20  1:52  Supply Depot  
  20  1:54  SCV  
  21  2:06  SCV  
  21  2:08  Barracks Reactor  
  22  2:18  SCV  
  23  2:27  Factory  
  23  2:31  SCV  
  24  2:43  SCV  
  25  2:44  Command Center  
  25  2:51  Marine x2  
  25  2:55  SCV  
  25  2:56  Orbital Command  
  28  3:07  SCV  
  28  3:10  Refinery  
  29  3:14  Starport  
  29  3:19  SCV  
  30  3:22  Hellion x2  
  30  3:23  Barracks Tech Lab  
  33  3:28  SCV  
  33  3:32  SCV  
  35  3:40  SCV  
  36  3:44  SCV, Hellion  
  36  3:48  Marine  
  40  3:53  Viking  
  42  3:56  SCV  
  42  3:57  Orbital Command  
  42  3:59  Hellion  
  42  4:02  SCV  
  46  4:03  Stimpack  
  46  4:07  Hellion  
  46  4:09  SCV  
  49  4:13  Marauder  
  49  4:14  SCV  
  52  4:21  SCV  
  52  4:22  Hellion  
  55  4:24  SCV  
  55  4:26  Starport Reactor  
  56  4:33  SCV x2  
  56  4:34  Marauder  
  61  4:38  SCV  
  61  4:53  SCV  
  61  4:54  Refinery  
  61  4:55  Engineering Bay  
  61  4:58  SCV  
  61  4:59  Engineering Bay  
  57  5:00  Barracks  
  57  5:01  Barracks  
  57  5:02  SCV, Barracks  
  57  5:03  Marine  
  57  5:04  Orbital Command  
  57  5:06  Factory Reactor  
  55  5:12  SCV x2  
  57  5:14  Refinery  
  57  5:16  Starport Reactor  
  57  5:25  Marauder  
  57  5:26  SCV  
  60  5:33  Supply Depot  
  60  5:34  SCV  
  61  5:37  Supply Depot  
  61  5:48  SCV  
  61  5:52  SCV  
  61  5:55  SCV  
  61  5:56  Factory Tech Lab  
  61  5:57  Supply Depot, Marine  
  61  5:58  Marauder, Marine  
  61  6:01  SCV  
  66  6:04  SCV  
  66  6:05  Marine x2  
  66  6:06  Marine x2  
  71  6:14  Bunker  
  71  6:17  Bunker, Marine x2  
  73  6:18  Bunker  
  73  6:22  Siege Tank  
  73  6:23  Medivac  
  73  6:24  Barracks  
  77  6:26  Marine x2  
  77  6:27  Barracks  
  65  6:35  Marine  
  65  6:38  Marine x2  
  65  6:39  Marine x2  
  59  6:43  SCV  
  59  6:44  Marine  
  49  6:47  SCV x2  
  50  6:58  SCV  
  50  6:59  SCV  
Show
View Real Time Build Order
Export as new Build Order

HOTBIGTIT Zerg 

Build Orders: Hatch First 

Get SALT Encoding   

  12  0:07  Overlord  
  12  0:12  Drone  
  13  0:17  Drone  
  14  0:26  Drone  
  15  0:30  Drone  
  16  0:40  Drone  
  17  0:51  Drone  
  18  1:00  Hatchery  
  18  1:02  Drone  
  18  1:19  Spawning Pool  
  18  1:20  Drone  
  18  1:33  Drone  
  19  1:45  Drone  
  20  1:47  Extractor  
  20  1:51  Hatchery  
  20  1:53  Overlord  
  18  2:03  Drone  
  18  2:06  Queen  
  21  2:15  Queen  
  23  2:21  Drone x2  
  23  2:48  Extractor  
  23  2:51  Queen  
  23  2:54  Drone x2  
  27  3:00  Overlord  
  27  3:03  Drone x3  
  27  3:04  Drone  
  27  3:05  Extractor  
  30  3:06  Extractor  
  30  3:08  Drone  
  30  3:12  Drone  
  31  3:14  Drone  
  31  3:17  Drone  
  33  3:20  Spore Crawler  
  32  3:30  Drone x3  
  32  3:31  Drone x2  
  38  3:44  Drone x4  
  38  3:45  Extractor  
  38  3:47  Overlord  
  41  3:55  Drone x3  
  44  4:01  Lair  
  44  4:08  Roach Warren  
  43  4:12  Drone x2  
  43  4:13  Drone  
  43  4:15  Drone  
  47  4:19  Overlord  
  41  5:04  Nydus Network  
  40  5:10  Overlord x3  
  40  5:14  Queen x2  
  40  5:15  Queen  
  40  5:21  Overseer  
  46  5:27  Roach  
  46  5:28  Roach  
  50  5:29  Roach x6  
  50  5:30  Roach  
  64  5:57  Roach  
  64  5:58  Roach  
  64  5:59  Roach x3  
  64  6:00  Overlord x3  
  74  6:07  Nydus Canal  
  70  6:38  Roach x10  
  74  6:50  Roach x3  
Tags
 
Add a new tag
Caveats
  • Supply blocks, unpowered buildings, or Contaminate may cause inaccurate times.
  • Supply counts are checked every 10 seconds.